 Dungeon Crawl Stone Soup version 0.26-a0-597-gb535b0901c (webtiles) character file.

Game seed: 3704518607218294369

5374 HoaS the Cruncher (level 10, -7/70 HPs)
             Began as a Formicid Fighter on Aug 31, 2020.
             Was a Priest of Makhleb.
             Mangled by a seven-headed hydra (10 damage)
             ... on level 9 of the Dungeon.
             The game lasted 00:26:44 (9139 turns).

HoaS the Cruncher (Formicid Fighter)                Turns: 9139, Time: 00:26:44

Health: -7/70      AC: 17    Str: 21    XL:     10   Next: 97%
Magic:  10/10      EV:  9    Int:  8    God:    Makhleb [***...]
Gold:   521        SH: 12    Dex: 12    Spells: 9/9 levels left

rFire    + + .     SeeInvis +   a - +1 quarterstaff
rCold    . . .     Faith    .   c - +1 kite shield
rNeg     . . .     Spirit   .   E - +2 scale mail {rF+}
rPois    .         Reflect  .   (helmet unavailable)
rElec    .         Harm     .   F - +1 cloak
rCorr    .                      p - +1 pair of gloves
MR       ++...                  (no boots)
Stlth    ..........             g - amulet of regeneration
HPRegen  0.61/turn              n - ring of protection from magic
MPRegen  0.12/turn              t - ring of the Catamount {rF+ AC+4 Str-3 Dex+2 SInv}

@: mighty
A: permanent stasis, dig shafts and tunnels, four strong arms, antennae 3
a: Dig, Shaft Self, Minor Destruction, Lesser Servant of Makhleb, Renounce
Religion


You were on level 9 of the Dungeon.
You worshipped Makhleb.
Makhleb was most pleased with you.
You visited 2 branches of the dungeon, and saw 10 of its levels.

You collected 521 gold pieces.

Inventory:

Hand Weapons
 a - a +1 quarterstaff (weapon)
Missiles
 h - 50 bolts
Armour
 c - a +1 kite shield (worn)
 p - a +1 pair of gloves (worn)
 E - a +2 scale mail of fire resistance (worn)
 F - a +1 cloak (worn)
 G - a +0 plate armour
Jewellery
 b - an uncursed ring of positive energy
 e - an uncursed ring of resist corrosion
 g - an amulet of regeneration (around neck)
 i - the amulet of Uhioplat {Spirit rN+ MP-9 Str+4 Dex+3, unknown}
   (You found it on level 8 of the Dungeon)

   [amulet of guardian spirit]

   It causes incoming damage to be split between your health and magic.
   It affects your strength (+4).
   It affects your dexterity (+3).
   It protects you from negative energy.
   It affects your magic capacity (-9).
 n - a ring of protection from magic (left hand)
 s - an uncursed ring of protection from fire
 t - the ring of the Catamount (right hand) {rF+ AC+4 Str-3 Dex+2 SInv}
   (You took it off a centaur on level 4 of the Dungeon)

   [ring of protection]

   It affects your AC (+4).
   It affects your strength (-3).
   It affects your dexterity (+2).
   It protects you from fire.
   It lets you see invisible.
Wands
 f - a wand of enslavement (12)
 w - a wand of flame (37)
 B - a wand of paralysis (5)
Scrolls
 m - 4 scrolls of magic mapping
 u - 2 scrolls of fog
 v - 2 scrolls of fear
 x - 3 scrolls of remove curse
 y - 3 scrolls of identify
Potions
 j - 2 potions of resistance {unknown}
 k - 3 potions of lignification {unknown}
 o - 3 potions of degeneration {unknown}
 q - a potion of mutation {unknown}
 r - 4 potions of heal wounds {unknown}
 z - a potion of brilliance {unknown}
 A - a potion of flight {unknown}
 C - a potion of cancellation {unknown}
 D - 3 potions of stabbing {unknown}


   Skills:
 - Level 3.2 Fighting
 * Level 13.6 Staves
 - Level 3.2 Armour
 - Level 9.0 Shields


You had 9 spell levels left.
You didn't know any spells.
Your spell library contained the following spells:

 Spells                   Type           Power        Failure   Level
 Animate Skeleton         Necr           #.....       75%         1
 Apportation              Tloc           #.....       75%         1
 Beastly Appendage        Tmut           #.....       75%         1
 Corona                   Hex            #......      75%         1
 Summon Small Mammal      Summ           #...         75%         1
 Ensorcelled Hibernation  Hex/Ice        #.....       87%         2
 Wereblood                Tmut           #.......     87%         2
 Confusing Touch          Hex            #.......     98%         3
 Dazzling Flash           Conj/Hex       #.....       98%         3
 Spider Form              Tmut/Pois      #.........   98%         3
 Tukima's Dance           Hex            #.......     98%         3
 Ice Form                 Ice/Tmut       #.......     100%        4
 Blade Hands              Tmut           #.........   100%        5


Dungeon Overview and Level Annotations

Branches:
Dungeon (9/15)             Temple (1/1) D:5            Lair (0/6) D:8
    Orc (0/2) D:9

Altars:
Ashenzari
Cheibriados
Dithmenos
Elyvilon
Fedhas
Gozag
Hepliaklqana
Kikubaaqudgha
Makhleb
Nemelex Xobeh
Okawaru
Qazlal
Ru
Sif Muna
Trog
Uskayaw
Vehumet
Wu Jian
Xom
Yredelemnul
Zin
The Shining One

Shops:
D:6 ::[([   D:7 (


Innate Abilities, Weirdness & Mutations

You cannot be hasted, slowed, berserked, paralysed or teleported.
You can dig through walls and to a lower floor.
Your four strong arms can wield two-handed weapons with a shield.
You have a pair of large antennae on your head. (SInv)


Message History

The seven-headed hydra bites you but does no damage.
You thump the seven-headed hydra!
The seven-headed hydra is heavily wounded.
The seven-headed hydra bites you but does no damage. x2
The seven-headed hydra bites you! The seven-headed hydra misses you.
The seven-headed hydra bites you!
* * * LOW HITPOINT WARNING * * *
The seven-headed hydra bites you!
* * * LOW HITPOINT WARNING * * *
The seven-headed hydra barely misses you.
You sock the seven-headed hydra!
The seven-headed hydra is heavily wounded.
You sock the seven-headed hydra!
The seven-headed hydra is severely wounded.
You block the seven-headed hydra's attack. x3
The seven-headed hydra bites you but does no damage.
The seven-headed hydra closely misses you.
The seven-headed hydra bites you but does no damage.
The seven-headed hydra bites you!
You die...

..........#.########
..........#.# ..
..##.#.####.# #.# .....#.#
#.# #.#
o#.....####.#######.#
.#.#.#.#....# ......#
.#.#.#...# #....#.#
.#.#.#...# #....#.#
.#.#...(.# #@...#.#
.#.#..###.# #D###.#.#
#..#...###.# #.###..#.#
##.#.#..####.####..##.#
#...##.....♣.....###.#
#.#.#..####.####..##.####
##.#...###.#.#)###.......#
...#..###.##.##.###.######
..##.....###.###(...#


You could see a seven-headed hydra.

Vanquished Creatures
  A deep elf mage (D:9)
  A hornet (D:9)
  Prince Ribbit (D:8)
  A hippogriff (D:9)
  Grum (D:8)
  Menkaure (D:6)
  4 wargs
  The ghost of GordonOverkill the Chopper, an amateur DEBe of Trog (D:3)
  4 orc warriors
  3 phantoms
  An eye of draining (D:9)
  4 ogres
  2 sky beasts (D:6)
  3 wolves (D:8)
  2 centaurs
  A big kobold (D:8)
  3 bullfrogs
  A gnoll sergeant (D:6)
  A scorpion (D:5)
  6 wights
  2 jellies
  12 orc priests
  A hound (D:8)
  6 orc wizards
  4 iguanas
  6 worker ants
  A hound zombie (D:9)
  A worker ant zombie (D:8)
  Robin (D:4)
  A howler monkey skeleton (D:6)
  12 gnolls
  12 adders
  A shadow imp (D:5)
  2 white imps
  2 ufetubi
  5 oozes
  4 worms
  5 dart slugs
  4 leopard geckos
  47 orcs
  7 bats
  9 giant cockroaches
  19 goblins
  14 hobgoblins
  11 jackals
  3 quokkas
  7 frilled lizards
  A jackal zombie (D:5)
  14 kobolds
  3 quokka skeletons
  9 rats
268 creatures vanquished.

Vanquished Creatures (others)
  A plant (D:8)
1 creature vanquished.

Grand Total: 269 creatures vanquished

Notes
Turn   | Place    | Note
-------+----------+-------------------------------------------
     0 | D:1      | HoaS the Formicid Fighter began the quest for the Orb.
     0 | D:1      | Reached XP level 1. HP: 18/18 MP: 1/1
     1 | D:1      | Found a runed translucent door.
     1 | D:1      | Noticed a jelly
    87 | D:1      | You fall into a shaft and drop 1 floor!
   106 | D:2      | Reached XP level 2. HP: 24/24 MP: 2/2
   599 | D:1      | Reached XP level 3. HP: 26/29 MP: 3/3
   642 | D:1      | Reached skill level 3 in Staves
  1179 | D:1      | Reached XP level 4. HP: 10/35 MP: 4/4
  1205 | D:1      | Reached skill level 4 in Staves
  1209 | D:1      | Reached XP level 5. HP: 5/41 MP: 5/5
  2034 | D:2      | Reached skill level 5 in Shields
  2278 | D:3      | Reached XP level 6. HP: 47/47 MP: 6/6
  2604 | D:3      | Found a runed translucent door.
  2611 | D:3      | Reached skill level 5 in Staves
  2637 | D:3      | Noticed a phantom
  2659 | D:3      | Killed a phantom
  2787 | D:3      | Noticed GordonOverkill's ghost (amateur DEBe)
  3067 | D:4      | Noticed a phantom
  3291 | D:4      | Killed a phantom
  3291 | D:4      | Reached skill level 6 in Staves
  3291 | D:4      | Reached XP level 7. HP: 50/52 MP: 7/7
  3401 | D:4      | Found a stormy altar of Qazlal.
  3496 | D:4      | Noticed Robin
  3508 | D:4      | Killed Robin
  4312 | D:4      | Identified the ring of the Catamount {rF+ AC+4 Str-3 Dex+2
                  | SInv}
  4360 | D:4      | Reached skill level 7 in Staves
  4553 | D:3      | Reached XP level 8. HP: 58/58 MP: 8/8
  4579 | D:3      | Killed GordonOverkill's ghost
  4643 | D:5      | Entered Level 5 of the Dungeon
  4818 | D:5      | Reached skill level 8 in Staves
  5045 | D:5      | Found a staircase to the Ecumenical Temple.
  5138 | Temple   | Entered the Ecumenical Temple
  5223 | Temple   | Became a worshipper of Makhleb the Destroyer
  5533 | D:6      | Reached XP level 9. HP: 64/64 MP: 9/9
  5668 | D:6      | Found Ovataarph's Book Emporium.
  5738 | D:6      | Reached skill level 9 in Staves
  5796 | D:6      | Found Natiopt's Book Shoppe.
  5863 | D:6      | Found Gatium's Armour Boutique.
  6021 | D:6      | Reached * piety under Makhleb
  6345 | D:6      | Found Uhebropp's Antique Weapon Boutique.
  6352 | D:6      | Noticed Menkaure
  6386 | D:6      | Killed Menkaure
  6389 | D:6      | Reached skill level 10 in Staves
  6479 | D:6      | Found Tened's Armour Emporium.
  7258 | D:7      | Found Vinatog's Antique Weapon Boutique.
  7712 | D:8      | Reached skill level 11 in Staves
  7719 | D:8      | Reached ** piety under Makhleb
  7719 | D:8      | Reached XP level 10. HP: 56/70 MP: 10/10
  7752 | D:8      | Found a staircase to the Lair.
  7893 | D:8      | Noticed Prince Ribbit
  7907 | D:8      | Killed Prince Ribbit
  8205 | D:8      | Reached skill level 12 in Staves
  8239 | D:8      | Got a brightly glowing steel amulet
  8393 | D:8      | Noticed Grum
  8413 | D:8      | Killed Grum
  8613 | D:9      | Found a staircase to the Orcish Mines.
  8635 | D:9      | Noticed a deep elf mage
  8649 | D:9      | Noticed a demonic crawler
  8649 | D:9      | Noticed a demonic crawler
  8649 | D:9      | Noticed a demonic crawler
  8689 | D:9      | HP: 3/70 [hippogriff (5)]
  8702 | D:9      | Killed a deep elf mage
  8702 | D:9      | Reached skill level 13 in Staves
  8725 | D:9      | Reached *** piety under Makhleb
  9131 | D:9      | Noticed a seven-headed hydra
  9137 | D:9      | HP: 3/70 [seven-headed hydra (13)]
  9139 | D:9      | Mangled by a seven-headed hydra

Illustrated notes

Levels and vault maps discovered:
D:1:      dpeg_arrival_caged_fury, layout_basic
D:2:      layout_basic, minmay_parallelograms, minmay_split_cup_small
D:3:      layout_basic, ebering_ghost_sewer_d, minmay_bisected
D:4:      minmay_clustersquares, layout_basic, nicolae_qazlal_general_emergency,
          uniq_robin
D:5:      layout_rooms, minmay_temple_entry_enclosed_plants
D:6:      layout_basic, serial_shops, shop, kennysheep_little_box, shop,
          kennysheep_mini_moat, nicolae_shop_statue_plus,
          chequers_serial_rivers_room_a, hangedman_decor_points,
          minmay_pentangle, uniq_menkaure
D:7:      layout_cave_pools, serial_shops, shop, roderic_lattice_a
D:8:      layout_loops_ring, erik_lair_orcish_takeover, due_unseen_surprise,
          uniq_grum, uniq_prince_ribbit1
D:9:      layout_basic, erik_orc_4, kb_rosetta
Temple:   dpeg_three_leaves_temple

Skill      XL: |  1  2  3  4  5  6  7  8  9 10 |
---------------+-------------------------------+-----
Shields        | 4 5 6 8 9 |  9.0
Staves         | 3 4 6 7 8 11 13 | 13.6
Fighting       | |  3.2
Armour         | |  3.2

Action                   |  1- 3 |  4- 6 |  7- 9 | 10-12 || total
-------------------------+-------+-------+-------+-------++-------
Melee: Quarterstaff      |    98 |   195 |   465 |   293 ||  1051
Invok: Minor Destruction |       |       |       |     1 ||     1
 Abil: Dig               |     4 |     6 |    20 |    11 ||    41
  Use: Scroll            |     5 |     3 |    12 |       ||    20
       Potion            |       |     1 |     6 |     4 ||    11
Armor: Scale mail        |    38 |    44 |    13 |    83 ||   178
       Ring mail         |       |       |    60 |       ||    60
Dodge: Dodged            |    31 |    51 |    96 |    61 ||   239
Block: Kite shield       |    38 |    92 |   197 |   147 ||   474

Table legend: (Time is in decaauts)
 A = Elapsed time spent in this place.
 B = Non-inter-level travel time spent in this place.
 C = Inter-level travel time spent in this place.
 D = Time resting spent in this place.
 E = Time spent auto-exploring this place.
 F = Levels seen in this place.
 G = Mean time per level.
                   A        B        C        D        E       F      G
               +--------+--------+--------+--------+--------+-----+--------+
         Total |   9047 |   8587 |    460 |    847 |   5518 |  10 |  904.7 |
       Dungeon |   8953 |   8520 |    433 |    847 |   5453 |   9 |  994.8 |
        Temple |     93 |     67 |     26 |      0 |     65 |   1 |   93.0 |
               +--------+--------+--------+--------+--------+-----+--------+

Top non-repeatable levels by time:
     D:6: 1425 daAuts
     D:4: 1413 daAuts
     D:1: 1167 daAuts
     D:3: 1114 daAuts
     D:2: 1058 daAuts
     D:8: 900 daAuts
     D:7: 674 daAuts
     D:5: 643 daAuts
     D:9: 556 daAuts
  Temple: 93 daAuts
